[Event "8th Mersin Open 2024"]
[Site "Mersin"]
[Date "2024.11.13"]
[Round "5"]
[White "Shafei, Hamid"]
[Black "Sahin, Ata Sarp"]
[Result "1-0"]
[ECO "B11"]
[WhiteElo "2018"]
[BlackElo "2109"]
[Annotator "ChessBase"]
[PlyCount "141"]
[EventDate "2024.11.10"]
[EventType "swiss"]
[EventCountry "TUR"]
[SourceTitle "playchess.com"]
[Source "ChessBase"]
[SourceQuality "1"]
[TimeControl "5400+30"]

1. e4 c6 2. Nf3 d5 3. Nc3 Bg4 4. h3 Bxf3 5. Qxf3 e6 6. d4 dxe4 7. Nxe4 Nd7 8. Bd3 Ngf6 9. c3 Nxe4 10. Bxe4 Bd6 11. O-O O-O 12. Re1 a5 13. Bc2 Qf6 14. Qh5 g6 15. Qh6 Rfe8 16. Bg5 Qg7 17. Qh4 Qf8 18. Bh6 Qe7 19. Bg5 Qf8 20. Bh6 Qe7 21. Qg4 Nf6 22. Qf3 Nd7 23. Re2 Qh4 24. Qe3 Qf6 25. Rae1 Nb6 26. Bg5 Qg7 27. Qf3 a4 28. Re4 Be7 29. Bc1 Ra5 30. Qe2 Bf6 31. Bd2 Rd5 32. Be3 Red8 33. b4 R5d7 34. Qf3 Nd5 35. Bc1 b5 36. h4 h5 37. g3 Be7 38. Kg2 Qf6 39. Qd3 Qg7 40. a3 Nb6 41. Qf3 Nd5 42. Bb1 Nf6 43. Re5 Nd5 44. Ba2 Bf6 45. R5e4 Rd6 46. Bf4 R6d7 47. Qd3 Qf8 48. Qd2 Qg7 49. Bb1 Be7 50. Qc1 Bf6 51. Bd3 Nxf4+ 52. Qxf4 Rd5 53. R4e2 R5d6 54. Be4 e5 55. Qf3 exd4 56. cxd4 Bxd4 57. Bxc6 Rf6 58. Qe4 Rf5 59. Bd7 Re5 60. Qc6 Rxe2 61. Rxe2 Bb2 62. Qc7 Qf6 63. Bxb5 Bxa3 64. Bc4 Bxb4 65. Bxf7+ Kf8 66. Re6 Qd4 67. Rxg6 Be7 68. Qc6 Qe5 69. Bc4 Bd6 70. Qf3+ Qf4 71. gxf4 1-0

[Event "8th Mersin Open 2024"]
[Site "Mersin"]
[Date "2024.11.13"]
[Round "5"]
[White "Celebi, Mehmet Alper"]
[Black "Sahin, Ata Sarp"]
[Result "1-0"]
[ECO "B23"]
[WhiteElo "2014"]
[BlackElo "2109"]
[Annotator "ChessBase"]
[PlyCount "95"]
[EventDate "2024.11.10"]
[EventType "swiss"]
[EventCountry "TUR"]
[SourceTitle "playchess.com"]
[Source "ChessBase"]
[SourceQuality "1"]
[TimeControl "5400+30"]

1. e4 c5 2. Nc3 d6 3. d4 cxd4 4. Qxd4 Nc6 5. Qd2 g6 6. b3 Bh6 7. f4 Nf6 8. Bb2 O-O 9. O-O-O e5 10. g3 Re8 11. Bg2 Nd4 12. Nge2 Bg4 13. Nxd4 exd4 14. Qxd4 Bxd1 15. Rxd1 Bg7 16. Qxd6 Qa5 17. b4 Qh5 18. e5 Ng4 19. Bf3 Qxh2 20. Bxg4 Qxg3 21. Bd7 Qxf4+ 22. Kb1 Bxe5 23. Qc5 Red8 24. Ne2 Rxd7 25. Rxd7 Qf1+ 26. Nc1 Bxb2 27. Kxb2 h5 28. Qe7 Qc4 29. Rc7 Qd4+ 30. Ka3 Qd5 31. Nd3 a5 32. b5 Rf8 33. Ne5 Qxb5 34. Rxb7 Qf1 35. Kb2 Qf5 36. Nd7 Rc8 37. Nf6+ Kh8 38. Ne4 Kg8 39. a4 Qf4 40. Rb5 h4 41. Qd7 Rc4 42. Qd8+ Kg7 43. Rb8 Qe5+ 44. c3 Rb4+ 45. Rxb4 Qh2+ 46. Qd2 Qxd2+ 47. Nxd2 axb4 48. a5 1-0

[Event "8th Mersin Open 2024"]
[Site "Mersin"]
[Date "2024.11.13"]
[Round "5"]
[White "Tezcan, Alper"]
[Black "Hasirci, Ozgur Deniz"]
[Result "1-0"]
[ECO "B96"]
[WhiteElo "2002"]
[BlackElo "2128"]
[Annotator "RC"]
[PlyCount "83"]
[EventDate "2024.11.10"]
[EventType "swiss"]
[EventCountry "TUR"]
[SourceTitle "playchess.com"]
[Source "ChessBase"]
[SourceQuality "1"]
[TimeControl "5400+30"]

1. e4 c5 2. Nf3 d6 3. d4 cxd4 4. Nxd4 Nf6 5. Nc3 a6 6. Bg5 e6 7. f4 Qc7 8. Qf3 b5 9. a3 Bb7 10. Bxf6 gxf6 11. O-O-O Nd7 12. Qh5 Nc5 13. Bd3 O-O-O 14. Kb1 f5 15. exf5 Bg7 16. Be2 Bxg2 17. Rhg1 Qb7 18. Bf1 Bxf1 19. Rxg7 Bc4 20. Rxf7 Rd7 21. Rxd7 Qxd7 22. b3 e5 23. fxe5 Bf7 24. Qf3 Qb7 25. Qxb7+ Nxb7 26. e6 Bh5 27. Rf1 Kd8 28. f6 Ke8 29. Nd5 Nd8 30. Nc7+ Kf8 31. e7+ Kf7 32. exd8=Q Rxd8 33. Nd5 Re8 34. Ne7 Bg6 35. Kb2 d5 36. Kc3 Rd8 37. Ndc6 Rd6 38. Ne5+ Kf8 39. N7xg6+ hxg6 40. Nxg6+ Kf7 41. Ne5+ Kf8 42. Kd4 1-0

[Event "8th Mersin Open 2024"]
[Site "Mersin"]
[Date "2024.11.13"]
[Round "5"]
[White "Taavoni, Rahim"]
[Black "Icoz, Cinar"]
[Result "1-0"]
[ECO "E12"]
[WhiteElo "1958"]
[BlackElo "1882"]
[Annotator "ChessBase"]
[PlyCount "161"]
[EventDate "2024.11.10"]
[EventType "swiss"]
[EventCountry "TUR"]
[SourceTitle "playchess.com"]
[Source "ChessBase"]
[SourceQuality "1"]
[TimeControl "5400+30"]

1. d4 Nf6 2. c4 e6 3. Nf3 b6 4. a3 Bb7 5. Nc3 d5 6. cxd5 exd5 7. Bg5 Be7 8. Qa4+ c6 9. e3 Ne4 10. Bxe7 Qxe7 11. Nxd5 Qd7 12. Nc3 Nxc3 13. bxc3 O-O 14. Be2 Qe7 15. Ne5 c5 16. Bf3 Bxf3 17. Nxf3 Nd7 18. O-O Nf6 19. c4 Rac8 20. d5 Ne4 21. Qc2 f5 22. Nd2 Nd6 23. Rae1 Rce8 24. a4 Rf6 25. f3 Qe5 26. Qd3 Rh6 27. f4 Qe7 28. Re2 Rf6 29. Rfe1 Ne4 30. Nxe4 Qxe4 31. Qxe4 Rxe4 32. Rc2 Kf7 33. Kf2 Ke7 34. Rb1 Kd7 35. Kf3 h5 36. Rc3 Rg6 37. a5 Kc7 38. Ra1 a6 39. axb6+ Rxb6 40. Ra5 Kd6 41. Ra4 Kc7 42. Rca3 Kb7 43. g3 g6 44. h3 Rd6 45. Rc3 Kb6 46. Rca3 Kb7 47. Ra2 Rb6 48. R2a3 Rd6 49. Rd3 Kc7 50. g4 h4 51. Rd2 Kb7 52. gxf5 gxf5 53. Rg2 Rxd5 54. Rg7+ Kb6 55. Rxa6+ Kxa6 56. cxd5 Kb5 57. Rb7+ Ka6 58. Rf7 c4 59. Rxf5 Re7 60. d6 Rd7 61. Rc5 Rxd6 62. Rxc4 Rg6 63. f5 Rg3+ 64. Kf4 Rxh3 65. Rc2 Rh1 66. Ke5 h3 67. e4 h2 68. Rf2 Kb6 69. f6 Kc6 70. f7 Rg1 71. Rxh2 Rg5+ 72. Ke6 Rg6+ 73. Ke7 Rg7 74. Rc2+ Kb7 75. e5 Rxf7+ 76. Kxf7 Ka7 77. Rb2 Ka6 78. e6 Ka5 79. e7 Ka6 80. e8=Q Ka7 81. Qa4# 1-0

[Event "8th Mersin Open 2024"]
[Site "Mersin"]
[Date "2024.11.13"]
[Round "5"]
[White "Turkmen, Yusuf Cagan"]
[Black "Rabbani, Abtin"]
[Result "1-0"]
[ECO "B06"]
[WhiteElo "1942"]
[BlackElo "1805"]
[Annotator "NA RC"]
[PlyCount "63"]
[EventDate "2024.11.10"]
[EventType "swiss"]
[EventCountry "TUR"]
[SourceTitle "playchess.com"]
[Source "ChessBase"]
[SourceQuality "1"]
[TimeControl "5400+30"]

1. e4 c5 2. Nf3 g6 3. c3 d5 4. exd5 Qxd5 5. d4 Bg7 6. Na3 cxd4 7. Nb5 Na6 8. Nbxd4 $11 Nf6 9. Bb5+ Bd7 10. Bxa6 bxa6 11. O-O a5 12. Re1 Qd6 13. Nf5 Qxd1 14. Nxg7+ Kf8 15. Ne6+ Kg8 16. Rxd1 Bxe6 17. Nd4 Bd7 18. Re1 e6 19. Bf4 Nd5 20. Bd6 Kg7 21. Nb3 a4 22. Nc5 Nb6 23. Be5+ f6 24. Bc7 Nd5 25. Ba5 Bc8 26. Nxe6+ Kf7 27. Nd8+ Kg7 28. Rad1 Nb6 29. Re7+ Kf8 30. Bb4 Kg8 31. Nf7 Kg7 32. Nxh8+ 1-0

[Event "8th Mersin Open 2024"]
[Site "Mersin"]
[Date "2024.11.13"]
[Round "5"]
[White "Yigit, Ahmet Yasir"]
[Black "Asgharvand, Davood"]
[Result "1-0"]
[ECO "B34"]
[WhiteElo "1927"]
[BlackElo "1874"]
[Annotator "RC"]
[PlyCount "25"]
[EventDate "2024.11.10"]
[EventType "swiss"]
[EventCountry "TUR"]
[SourceTitle "playchess.com"]
[Source "ChessBase"]
[SourceQuality "1"]
[TimeControl "5400+30"]

1. e4 c5 2. Nf3 Nc6 3. Nc3 g6 4. d4 cxd4 5. Nxd4 Bg7 6. Be3 Nf6 7. Nxc6 bxc6 8. e5 Ng8 9. Bd4 Qa5 10. e6 Nf6 11. exd7+ Bxd7 12. Bc4 Rd8 13. Qe2 1-0

[Event "8th Mersin Open 2024"]
[Site "Mersin"]
[Date "2024.11.13"]
[Round "5"]
[White "Avsar, Gediz"]
[Black "Ercan, Mehmet Fahri"]
[Result "1-0"]
[ECO "B31"]
[WhiteElo "1926"]
[BlackElo "1788"]
[Annotator "ChessBase"]
[PlyCount "77"]
[EventDate "2024.11.10"]
[EventType "swiss"]
[EventCountry "TUR"]
[SourceTitle "playchess.com"]
[Source "ChessBase"]
[SourceQuality "1"]
[TimeControl "5400+30"]

1. e4 c5 2. Nf3 Nc6 3. Bb5 g6 4. Bxc6 dxc6 5. d3 Bg7 6. h3 Nf6 7. O-O O-O 8. Nc3 Nh5 9. e5 Bh8 10. Bh6 Re8 11. Re1 Ng7 12. a4 Ne6 13. a5 Nd4 14. Bf4 Ne6 15. Bg3 Bd7 16. Ne4 b6 17. c3 b5 18. Qe2 Bg7 19. Qe3 c4 20. dxc4 bxc4 21. Red1 Qc8 22. Nfd2 f5 23. exf6 exf6 24. Nd6 Qa6 25. Nxe8 Rxe8 26. Ne4 Nf8 27. Qf4 Bf5 28. Nd6 Re5 29. Qxc4+ Qxc4 30. Nxc4 Rc5 31. Ne3 Be6 32. Rd8 Rb5 33. Rb8 Kf7 34. a6 f5 35. Rb7+ Kf6 36. Rxa7 g5 37. Rxg7 Kxg7 38. a7 f4 39. a8=Q 1-0

[Event "8th Mersin Open 2024"]
[Site "Mersin"]
[Date "2024.11.13"]
[Round "5"]
[White "Tatlioglu, Ege"]
[Black "Azizli, Nurlan"]
[Result "1/2-1/2"]
[ECO "B76"]
[WhiteElo "1910"]
[BlackElo "1853"]
[Annotator "ChessBase"]
[PlyCount "140"]
[EventDate "2024.11.10"]
[EventType "swiss"]
[EventCountry "TUR"]
[SourceTitle "playchess.com"]
[Source "ChessBase"]
[SourceQuality "1"]
[TimeControl "5400+30"]

1. e4 c5 2. Nc3 Nc6 3. Nge2 d6 4. d4 cxd4 5. Nxd4 g6 6. f3 Bg7 7. Be3 Nf6 8. Qd2 O-O 9. O-O-O Nxd4 10. Bxd4 Be6 11. Kb1 Qc7 12. h4 h5 13. g4 Rfc8 14. gxh5 Nxh5 15. Bxg7 Kxg7 16. Bd3 Qa5 17. Rhg1 Rc5 18. f4 Rxc3 19. Qxc3+ Qxc3 20. bxc3 Nxf4 21. Rdf1 Nh5 22. Rg5 Rc8 23. Kb2 Nf6 24. Re1 Nd7 25. h5 Ne5 26. Rg3 Rc5 27. hxg6 fxg6 28. Reg1 Ra5 29. a3 Rc5 30. a4 Ra5 31. Bb5 a6 32. Be8 Bf7 33. Bxf7 Kxf7 34. Kb3 Rc5 35. Rh3 Ke6 36. Rh8 Kd7 37. Rb8 Kc7 38. Re8 Kd7 39. Rb8 Rc7 40. Rh1 Nc4 41. Rh2 Ke6 42. Rg8 Na5+ 43. Kb2 Nc4+ 44. Kb3 Kf7 45. Rb8 Na5+ 46. Kb2 Nc4+ 47. Kb3 Na5+ 48. Kb2 Nc4+ 49. Ka2 Na5 50. Rh7+ Kf6 51. Rf8+ Ke5 52. Rg8 Rxc3 53. Rxg6 Nc6 54. Rh5+ Kd4 55. Kb2 Re3 56. Re6 Kc4 57. Rh8 Kb4 58. Rc8 Ka5 59. Rc7 Kb6 60. Rd7 a5 61. c3 Re2+ 62. Kb3 Re1 63. e5 Re2 64. Ka3 Re3 65. Kb2 Re4 66. Kb3 Re2 67. Ka3 Re1 68. Kb2 Re4 69. Kc2 Re3 70. Kd2 Re4 1/2-1/2

[Event "8th Mersin Open 2024"]
[Site "Mersin"]
[Date "2024.11.13"]
[Round "5"]
[White "Herdem, Talha"]
[Black "Baghirov, Mahammad"]
[Result "0-1"]
[ECO "E57"]
[WhiteElo "1884"]
[BlackElo "1875"]
[Annotator "NA RC"]
[PlyCount "107"]
[EventDate "2024.11.10"]
[EventType "swiss"]
[EventCountry "TUR"]
[SourceTitle "playchess.com"]
[Source "ChessBase"]
[SourceQuality "1"]
[TimeControl "5400+30"]

1. e4 c6 2. d4 d5 3. exd5 cxd5 4. c4 Nf6 5. Nc3 Nc6 6. Bg5 dxc4 7. Bxc4 e6 $11 ({Reject} 7... Qxd4 8. Qxd4 Nxd4 9. O-O-O) ({Of course not} 7... Nxd4 $6 8. Nf3 Nxf3+ 9. Qxf3 $16) 8. Nf3 Be7 9. O-O O-O 10. Re1 h6 11. Bh4 b6 12. a3 Bb7 13. Qd3 Rc8 14. Rad1 Nd5 15. Bxe7 Ncxe7 16. Ne5 Nf4 17. Qg3 Nxg2 18. Re4 Bxe4 19. Nxe4 Nc6 20. Nd7 Qh4 21. Nd6 Rcd8 22. Nxf8 Rxd6 23. Nxe6 Qxg3 24. hxg3 fxe6 25. Kxg2 Kf8 26. Re1 Nxd4 27. f4 Ke7 28. g4 Kf6 29. Re4 Nc6 30. Kg3 g5 31. b4 Ne7 32. fxg5+ hxg5 33. Re3 Ng6 34. Bb5 Nf4 35. Rc3 Rd5 36. Ba6 Rd2 37. Rc7 Ra2 38. Rxa7 Rxa3+ 39. Kh2 Ra2+ 40. Kh1 Nd3 41. b5 Nf2+ 42. Kg1 Nh3+ 43. Kf1 Nf4 44. Rd7 Nd5 45. Rd6 Ke5 46. Rc6 Rb2 47. Bc8 Rxb5 48. Rxe6+ Kd4 49. Rd6 Ke3 50. Kg2 Nf4+ 51. Kg3 Rb3 52. Be6 Rb2 53. Bd5 Rd2 54. Bc6 0-1

[Event "8th Mersin Open 2024"]
[Site "Mersin"]
[Date "2024.11.13"]
[Round "5"]
[White "Karaalioglu, Zeynel Mansur"]
[Black "Kilic, Cihan"]
[Result "1/2-1/2"]
[ECO "B13"]
[WhiteElo "1875"]
[BlackElo "1894"]
[Annotator "NA"]
[PlyCount "143"]
[EventDate "2024.11.10"]
[EventType "swiss"]
[EventCountry "TUR"]
[SourceTitle "playchess.com"]
[Source "ChessBase"]
[SourceQuality "1"]
[TimeControl "5400+30"]

1. e4 c6 2. d4 d5 3. exd5 cxd5 4. Bd3 Nc6 5. c3 e6 6. Bf4 Bd6 7. Bg3 Nge7 8. Nf3 Qc7 9. O-O $14 Bd7 10. Nbd2 O-O 11. Re1 f6 12. Nb3 Bxg3 13. hxg3 Nf5 14. Bxf5 exf5 15. Nc5 b6 16. Nd3 Be8 17. Nf4 Bf7 18. Qc2 Qd7 19. Nd2 g5 20. Nd3 Bg6 21. f4 Rfe8 22. Nf3 h6 23. Nh2 Na5 24. b3 Nb7 25. Qd2 Nd6 26. Nf2 Rxe1+ 27. Rxe1 Re8 28. Nf1 Kf7 29. Ne3 Qc6 30. Ned1 Bh5 31. Nb2 gxf4 32. Rxe8 fxg3 33. Qxh6 gxf2+ 34. Kxf2 Kxe8 35. Qxh5+ Ke7 36. Qh7+ Nf7 37. Nd1 Qe6 38. Ne3 f4 39. Nf5+ Kd8 40. Qg8+ Kc7 41. Qh7 Kc6 42. a4 Ng5 43. Qg6 Ne4+ 44. Kg1 Nxc3 45. Kh2 Ne4 46. Qh7 Ng5 47. Qg6 f3 48. Ng7 Qd6+ 49. Kg1 fxg2 50. Kxg2 Ne4 51. Qe8+ Kb7 52. Nf5 Qc7 53. Qe7 Qxe7 54. Nxe7 Nc3 55. Kf3 Kc7 56. Ng8 Ne4 57. Ne7 Kd6 58. Nc8+ Kd7 59. Nxa7 Nd2+ 60. Kf4 Nxb3 61. Nb5 Nd2 62. Kf5 Ne4 63. Kg6 Kc6 64. Kf5 Kd7 65. Kg6 Ke7 66. Kf5 Ng3+ 67. Kg6 Ne2 68. Kf5 Kf7 69. Nd6+ Kg7 70. Ne8+ Kf7 71. Nxf6 Nxd4+ 72. Ke5 1/2-1/2

[Event "8th Mersin Open 2024"]
[Site "Mersin"]
[Date "2024.11.13"]
[Round "5"]
[White "Ghanbarpour, Mahan"]
[Black "Kurdas, Halil Ibrahim"]
[Result "1/2-1/2"]
[ECO "D45"]
[WhiteElo "1803"]
[BlackElo "1887"]
[Annotator "NA"]
[PlyCount "98"]
[EventDate "2024.11.10"]
[EventType "swiss"]
[EventCountry "TUR"]
[SourceTitle "playchess.com"]
[Source "ChessBase"]
[SourceQuality "1"]
[TimeControl "5400+30"]

1. Nf3 d5 2. e3 Nf6 3. c4 e6 4. Nc3 Nbd7 5. b3 c6 6. Bb2 Bd6 7. Qc2 Qe7 8. d4 O-O 9. Be2 Re8 10. O-O e5 11. cxd5 cxd5 12. dxe5 Nxe5 13. Rfd1 Nxf3+ 14. Bxf3 Qe5 15. g3 Bf5 16. Qd2 Bb4 17. Nxd5 Bxd2 18. Nxf6+ Qxf6 19. Bxf6 Bxe3 20. Bxg7 Kxg7 21. fxe3 Rxe3 22. Bxb7 Rae8 23. Rf1 Bg4 24. Rf4 f5 25. Raf1 R8e7 26. Bf3 Bh3 27. Bg2 Bg4 28. R1f2 Re1+ 29. Bf1 R7e4 30. Kg2 Ra1 31. h3 Rxf4 32. gxf4 Bh5 33. Rc2 Bf7 34. Bd3 Bd5+ 35. Kg3 Kf6 36. Rc5 Be4 37. Bxe4 fxe4 38. Ra5 Rf1 39. Re5 Ra1 40. Ra5 Rf1 41. Kg2 Rxf4 42. Rxa7 e3 43. Ra4 Rf2+ 44. Kg3 Kf5 45. Ra8 Ke4 46. a4 Rf3+ 47. Kg2 Rf2+ 48. Kg3 Rf3+ 49. Kg2 Rf2+ 1/2-1/2

[Event "8th Mersin Open 2024"]
[Site "Mersin"]
[Date "2024.11.13"]
[Round "5"]
[White "Doygun, Lena"]
[Black "Sahin, Mert"]
[Result "0-1"]
[ECO "C01"]
[WhiteElo "1593"]
[BlackElo "1534"]
[Annotator "NA RC"]
[PlyCount "86"]
[EventDate "2024.11.10"]
[EventType "swiss"]
[EventCountry "TUR"]
[SourceTitle "playchess.com"]
[Source "ChessBase"]
[SourceQuality "1"]
[TimeControl "5400+30"]

1. e4 e6 2. d4 d5 3. exd5 exd5 4. Bd3 Bd6 5. Nf3 Nc6 6. O-O Bg4 7. c3 Nge7 8. Bg5 f6 9. Bh4 Qd7 10. b4 O-O 11. Nbd2 Bf5 12. Nb3 Bxd3 13. Qxd3 Qf5 14. Qe2 Rae8 15. Qb5 a6 16. Qa4 Nc8 17. Nc5 Nb6 18. Qb3 Bxc5 19. bxc5 Na5 20. Qb1 Qxb1 21. Raxb1 Nbc4 22. Rfe1 Re4 23. Rxe4 dxe4 24. Ne1 b5 25. Bg3 Na3 26. Rb2 c6 27. Re2 f5 28. Bd6 Re8 29. Nc2 Nxc2 30. Rxc2 Nc4 31. Bc7 Na3 32. Re2 g5 33. d5 cxd5 34. Rd2 Rc8 35. Bd6 Kf7 36. Rxd5 Kf6 37. Kf1 Nb1 38. f4 exf3 39. gxf3 Nxc3 40. Rd2 Na4 41. Re2 Rc6 42. Kg2 Nxc5 43. Be7+ Kf7 0-1

[Event "8th Mersin Open 2024"]
[Site "Mersin"]
[Date "2024.11.13"]
[Round "5"]
[White "Kocacik, Dogukan"]
[Black "Ulgez, Selin"]
[Result "1-0"]
[ECO "B55"]
[WhiteElo "1586"]
[BlackElo "1569"]
[Annotator "NA RC"]
[PlyCount "77"]
[EventDate "2024.11.10"]
[EventType "swiss"]
[EventCountry "TUR"]
[SourceTitle "playchess.com"]
[Source "ChessBase"]
[SourceQuality "1"]
[TimeControl "5400+30"]

1. e4 c5 2. Nf3 d6 3. d4 cxd4 4. Nxd4 Nf6 5. Bc4 Nxe4 6. Qh5 g6 7. Qd5 e6 8. Qxe4 Bg7 9. Bb5+ Bd7 10. Bxd7+ Qxd7 11. Nc3 O-O 12. O-O d5 13. Qd3 e5 14. Nb3 d4 15. Ne2 Nc6 16. c3 Rfd8 17. Rd1 Rac8 18. Bg5 f6 19. Bc1 f5 20. Bg5 Re8 21. cxd4 exd4 22. Nbxd4 Nxd4 23. Nxd4 Bxd4 24. Be3 Rcd8 25. Qb3+ Qd5 26. Qxd5+ Rxd5 27. Rxd4 Rxd4 28. Bxd4 Re2 29. Rd1 a5 30. Bc3 a4 31. Rd8+ Kf7 32. Rh8 h5 33. Rh7+ Ke6 34. Rxb7 Rc2 35. g3 Re2 36. Rb6+ Kd5 37. Rxg6 Kc4 38. Ra6 Kb5 39. Ra5+ 1-0

[Event "8th Mersin Open 2024"]
[Site "Mersin"]
[Date "2024.11.13"]
[Round "5"]
[White "Yalcin, Enes Furkan"]
[Black "Alim, Mehmet Emir"]
[Result "1-0"]
[ECO "B22"]
[WhiteElo "1585"]
[BlackElo "1532"]
[Annotator "NA RC"]
[PlyCount "135"]
[EventDate "2024.11.10"]
[EventType "swiss"]
[EventCountry "TUR"]
[SourceTitle "playchess.com"]
[Source "ChessBase"]
[SourceQuality "1"]
[TimeControl "5400+30"]

1. e4 c5 2. Nf3 e6 3. c3 d5 4. exd5 Qxd5 5. d4 cxd4 6. Qxd4 Nf6 7. Bg5 Nbd7 8. Bc4 Qe4+ 9. Be3 a6 10. Bb3 b5 11. Nbd2 Qxd4 12. Bxd4 Bb7 13. O-O Bd6 14. Rfe1 Ke7 15. Ng5 Nc5 16. Bc2 h6 17. Nge4 Ncxe4 18. Nxe4 Nxe4 19. Bxe4 Bxe4 20. Rxe4 f6 21. Rae1 e5 22. f4 f5 23. R4e2 e4 24. Bxg7 Rh7 25. Bd4 Ke6 26. g3 Rg8 27. Kf2 h5 28. h4 Rh6 29. Re3 Rhg6 30. b4 Kd5 31. Rd1 Ke6 32. a3 a5 33. bxa5 Bxa3 34. c4 Bb4 35. cxb5 Bxa5 36. Ra3 Bb4 37. Ra6+ Ke7 38. Rxg6 Rxg6 39. b6 Rg8 40. Rb1 Bd6 41. b7 Bb8 42. Rb5 Rd8 43. Be5 Bxe5 44. fxe5 Rb8 45. Ke3 Kd7 46. Kf4 Kc6 47. Rb3 Rxb7 48. Re3 Kd5 49. Kxf5 Rf7+ 50. Kg6 Rf3 51. e6 Rxe3 52. e7 Rxg3+ 53. Kh7 Rf3 54. e8=Q Rf5 55. Kg6 Re5 56. Qd7+ Kc4 57. Qc6+ Kd4 58. Qd6+ Rd5 59. Qb4+ Ke3 60. Qe1+ Kd4 61. Qd2+ Ke5 62. Qc3+ Kf4 63. Qc6 Rf5 64. Qd6+ Re5 65. Qf6+ Kg4 66. Qxe5 e3 67. Qxe3 Kxh4 68. Qg5+ 1-0

[Event "8th Mersin Open 2024"]
[Site "Mersin"]
[Date "2024.11.13"]
[Round "5"]
[White "Tawel, Ihab."]
[Black "Ozturk, Yucel Mert"]
[Result "0-1"]
[ECO "B01"]
[WhiteElo "1584"]
[BlackElo "1545"]
[Annotator "NA"]
[PlyCount "88"]
[EventDate "2024.11.10"]
[EventType "swiss"]
[EventCountry "TUR"]
[SourceTitle "playchess.com"]
[Source "ChessBase"]
[SourceQuality "1"]
[TimeControl "5400+30"]

1. e4 d5 2. exd5 Qxd5 3. Nc3 Qd6 4. Nf3 c6 5. h3 Bf5 6. Bc4 Nf6 7. d3 e6 8. O-O Qc7 9. Re1 Be7 10. Nd4 O-O 11. Nxf5 exf5 12. Qf3 g6 13. Bh6 Re8 14. Re2 Nbd7 15. Rae1 Bf8 16. Qf4 Qxf4 17. Bxf4 Rxe2 18. Rxe2 Re8 19. Kf1 Rxe2 20. Kxe2 Kg7 21. d4 Nb6 22. Bb3 Be7 23. Be5 Nbd7 24. f4 Bb4 25. d5 Nxe5 26. fxe5 Bxc3 27. bxc3 Nxd5 28. Bxd5 cxd5 29. Kd3 g5 30. Kd4 g4 31. Kxd5 gxh3 32. gxh3 Kg6 33. Kd4 Kg5 34. Ke3 f4+ 35. Ke4 f3 36. Kxf3 Kf5 37. a4 Kxe5 38. c4 a5 39. c3 b6 40. Ke3 f5 41. Kf3 f4 42. h4 h5 43. Kf2 Ke4 44. Ke2 f3+ 0-1

[Event "8th Mersin Open 2024"]
[Site "Mersin"]
[Date "2024.11.13"]
[Round "5"]
[White "Sadigov, Kamil"]
[Black "Karatiken, Beray"]
[Result "1-0"]
[ECO "C41"]
[WhiteElo "1565"]
[BlackElo "1594"]
[Annotator "NA"]
[PlyCount "155"]
[EventDate "2024.11.10"]
[EventType "swiss"]
[EventCountry "TUR"]
[SourceTitle "playchess.com"]
[Source "ChessBase"]
[SourceQuality "1"]
[TimeControl "5400+30"]

1. e4 d6 2. d4 Nf6 3. Nc3 Nbd7 4. Nf3 e5 5. dxe5 dxe5 6. a3 c6 7. Bc4 Be7 8. O-O Qc7 9. h3 h6 10. Re1 Nf8 11. Be3 Be6 12. Qe2 g5 13. Nh2 b5 14. Bb3 Bxb3 15. cxb3 Ne6 16. Rac1 Qb7 17. Ng4 Nd7 18. Red1 h5 19. Nh2 Nf4 20. Bxf4 gxf4 21. Nf3 a6 22. b4 Rh6 23. Rd3 Re6 24. Rcd1 O-O-O 25. Qd2 Qc7 26. Nd5 Qa7 27. Nxe7+ Rxe7 28. Rd6 Qc7 29. Qc3 Re6 30. R6d3 Ree8 31. Qd2 f6 32. Qc3 Nf8 33. Nh4 Rxd3 34. Rxd3 Ne6 35. Nf5 Rd8 36. Rxd8+ Kxd8 37. Qf3 Qf7 38. Qd1+ Kc7 39. Qd6+ Kb7 40. Ne7 Nd4 41. Qd7+ Ka8 42. Qc8+ Ka7 43. Nxc6+ Nxc6 44. Qxc6 Qb3 45. Qxf6 Qxb2 46. Qf7+ Kb6 47. Qg6+ Kb7 48. Qxh5 Qxa3 49. Qf7+ Kb6 50. Qe6+ Kb7 51. Qxe5 Qxb4 52. Qxf4 a5 53. Qf7+ Kc6 54. Qf6+ Qd6 55. Qc3+ Kb6 56. e5 Qe6 57. h4 b4 58. Qe3+ Kb5 59. h5 b3 60. h6 b2 61. Qe2+ Kc5 62. Qxb2 Qxh6 63. Qa3+ Kb5 64. Qb2+ Kc4 65. e6 Qf8 66. Qb7 Qd6 67. Qd7 Kd5 68. Qb5+ Kxe6 69. Qxa5 Qd1+ 70. Kh2 Qe2 71. Qc5 Kf6 72. Kg3 Qd3+ 73. Qe3 Qg6+ 74. Kf3 Qh5+ 75. g4 Qh1+ 76. Kf4 Qh6+ 77. Kg3 Qh1 78. Qf3+ 1-0

[Event "8th Mersin Open 2024"]
[Site "Mersin"]
[Date "2024.11.13"]
[Round "5"]
[White "Karabas, Beren Nisa"]
[Black "Celik, Fatih"]
[Result "0-1"]
[ECO "D38"]
[WhiteElo "1546"]
[BlackElo "1578"]
[Annotator "NA"]
[PlyCount "156"]
[EventDate "2024.11.10"]
[EventType "swiss"]
[EventCountry "TUR"]
[SourceTitle "playchess.com"]
[Source "ChessBase"]
[SourceQuality "1"]
[TimeControl "5400+30"]

1. d4 d5 2. c4 e6 3. Nc3 Nf6 4. cxd5 exd5 5. Bg5 Nbd7 6. e3 Bb4 7. Bd3 O-O 8. Nf3 h6 9. Bh4 Re8 10. O-O Nb6 11. Ne5 Be7 12. b3 Nfd7 13. Bg3 Nxe5 14. Bxe5 a6 15. Rc1 Bd6 16. Bg3 Bxg3 17. hxg3 Be6 18. Ne2 Rc8 19. Nf4 Qd7 20. Nxe6 Qxe6 21. Qf3 Qd6 22. Qf5 g6 23. Qh3 Kg7 24. g4 c5 25. dxc5 Rxc5 26. Qf3 Rec8 27. Rcd1 Qe5 28. Qe2 Re8 29. Qd2 Qc3 30. Bb1 Qxd2 31. Rxd2 Rec8 32. Rfd1 Rc1 33. Kf1 Rxd1+ 34. Rxd1 Kf6 35. Ke2 Ke6 36. Rh1 Rh8 37. g5 h5 38. g4 Nc8 39. f4 Nd6 40. f5+ gxf5 41. gxh5 Ne4 42. Bxe4 fxe4 43. h6 Kf5 44. Rd1 Kxg5 45. Rxd5+ f5 46. Rd7 Rxh6 47. Rg7+ Kf6 48. Rxb7 Rh2+ 49. Ke1 Rxa2 50. b4 Kg5 51. Rg7+ Kh4 52. Kf1 Rb2 53. Rg6 Rxb4 54. Rxa6 Kg4 55. Ra1 Kf3 56. Re1 Kg3 57. Kg1 Rb3 58. Rf1 Rxe3 59. Rxf5 Re1+ 60. Rf1 Rxf1+ 61. Kxf1 Kf3 62. Ke1 Ke3 63. Kd1 Kf2 64. Kd2 e3+ 65. Kd3 e2 66. Kd4 e1=Q 67. Kd5 Qe3 68. Kd6 Qe4 69. Kd7 Qg6 70. Kc7 Qe6 71. Kb7 Qd6 72. Ka7 Qc6 73. Kb8 Qd7 74. Ka8 Ke3 75. Kb8 Kd4 76. Ka8 Kc5 77. Kb8 Kb6 78. Ka8 Qd8# 0-1

[Event "8th Mersin Open 2024"]
[Site "Mersin"]
[Date "2024.11.13"]
[Round "5"]
[White "Shiraliyev, Muslim"]
[Black "Bugdayci, Mustafa"]
[Result "1-0"]
[ECO "B87"]
[WhiteElo "1520"]
[BlackElo "1592"]
[Annotator "NA"]
[PlyCount "93"]
[EventDate "2024.11.10"]
[EventType "swiss"]
[EventCountry "TUR"]
[SourceTitle "playchess.com"]
[Source "ChessBase"]
[SourceQuality "1"]
[TimeControl "5400+30"]

1. e4 c5 2. Nf3 d6 3. d4 cxd4 4. Nxd4 Nf6 5. Nc3 a6 6. Bc4 e6 7. Bb3 Be7 8. Be3 b5 9. a3 Bb7 10. f3 Nc6 11. Nxc6 Bxc6 12. Qe2 O-O 13. O-O Qc7 14. Rfd1 Rfd8 15. Qf2 Rab8 16. Rd3 d5 17. exd5 Nxd5 18. Nxd5 Bxd5 19. Bxd5 exd5 20. Rad1 Rbc8 21. c3 Qe5 22. Bd4 Qh5 23. Qg3 g6 24. Qe5 Qxe5 25. Bxe5 f6 26. Bd4 Bc5 27. Bxc5 Rxc5 28. Kf2 Kf7 29. Re1 a5 30. Red1 Ke6 31. Re3+ Kf7 32. Rd4 Rc4 33. Ke2 Rxd4 34. cxd4 Rc8 35. Rb3 b4 36. axb4 Rb8 37. b5 Ke6 38. Kd2 Kd6 39. Kc1 Kc7 40. Rc3+ Kb6 41. Rc5 Rd8 42. Kc2 f5 43. Kb3 Rd6 44. Ka4 f4 45. Rc6+ Rxc6 46. bxc6 Kxc6 47. Kxa5 1-0

[Event "8th Mersin Open 2024"]
[Site "Mersin"]
[Date "2024.11.13"]
[Round "5"]
[White "Bugdayci, Resul"]
[Black "Yaglioglu, Batuhan Alp"]
[Result "1/2-1/2"]
[ECO "B01"]
[WhiteElo "1504"]
[BlackElo "1599"]
[Annotator "NA"]
[PlyCount "93"]
[EventDate "2024.11.10"]
[EventType "swiss"]
[EventCountry "TUR"]
[SourceTitle "playchess.com"]
[Source "ChessBase"]
[SourceQuality "1"]
[TimeControl "5400+30"]

1. e4 d5 2. exd5 Nf6 3. d4 Bg4 4. Be2 Bxe2 5. Nxe2 Qxd5 6. O-O e6 7. Nd2 Nc6 8. Nf3 Bd6 9. c3 O-O-O 10. Nf4 Bxf4 11. Bxf4 Qf5 12. Be5 Ng4 13. Bg3 g5 14. h3 Nf6 15. Ne5 Nxe5 16. Bxe5 Rhg8 17. g4 Qg6 18. c4 Nd7 19. Bg3 f5 20. f3 f4 21. Bf2 h5 22. Rc1 hxg4 23. fxg4 Rh8 24. Rc3 Nc5 25. Kg2 Ne4 26. Qc2 Qh7 27. Ra3 a6 28. b4 Nxf2 29. Qxf2 Qe4+ 30. Qf3 Qxf3+ 31. Rfxf3 Rxd4 32. Rac3 e5 33. Rfd3 Rhd8 34. Rxd4 Rxd4 35. Kf3 e4+ 36. Ke2 Kd7 37. a4 Ke6 38. b5 a5 39. Rc2 Ke5 40. b6 c6 41. Rc3 f3+ 42. Ke3 Rd3+ 43. Rxd3 exd3 44. Kxd3 Kf4 45. h4 gxh4 46. g5 Kxg5 47. Ke3 1/2-1/2